 Dungeon Crawl Stone Soup version 0.29.1-15-g9cfb28693d (webtiles) character file.

Game seed: 12626264053701418787

52 Descartes the Sneak (level 3, -3/16 HPs)
             Began as a Spriggan Conjurer on Apr 16, 2023.
             Killed by nerve-wracking pain
             ... invoked by Grinder
              (5 damage)
             ... on level 3 of the Dungeon.
             The game lasted 00:03:18 (2221 turns).

Descartes the Sneak (Spriggan Conjurer)             Turns: 2221, Time: 00:03:18

Health: -3/16      AC:  2    Str:  3    XL:     3   Next: 60%
Magic:  6/8        EV: 17    Int: 21    God:
Gold:   70         SH:  0    Dex: 13    Spells: 7/8 levels left

rFire   . . .      SeeInvis +   o - +3 dagger (venom)
rCold   . . .      Faith    .   (no shield)
rNeg    . . .      Spirit   .   a - +0 robe
rPois   .          Reflect  .   (helmet restricted)
rElec   .          Harm     .   (no cloak)
rCorr   +          Rampage  .   (gloves unavailable)
Will    .....                   (boots unavailable)
Stlth   ++........              (no amulet)
HPRegen 0.05/turn               j - ring of resist corrosion
MPRegen 0.11/turn               (no ring)

@: very quick
A: very small, no large weapons, unfitting armour, see invisible, speed 3
a: no special abilities


You were on level 3 of the Dungeon.
You visited 1 branch of the dungeon, and saw 3 of its levels.

You collected 70 gold pieces.

Inventory:

Hand Weapons
 o - a +3 dagger of venom (weapon)
Missiles
 d - 7 poisoned darts
Armour
 a - a +0 robe (worn)
Jewellery
 j - a ring of resist corrosion (left hand)
Scrolls
 c - a scroll of amnesia {unknown}
 e - 3 scrolls of teleportation {unknown}
 i - 2 scrolls of poison {unknown}
 l - a scroll of blinking {unknown}
 m - a scroll of identify {unknown}
Potions
 b - a potion of magic
 f - a potion of haste {unknown}
 g - 2 potions of attraction {unknown}
 h - a potion of heal wounds {unknown}
 k - 3 potions of degeneration {unknown}
 n - 2 potions of curing {unknown}


   Skills:
 + Level 3.5 Dodging
 + Level 4.0 Stealth
 + Level 3.4 Spellcasting
 + Level 3.2 Conjurations


You had 7 spell levels left.
You knew the following spells:

 Your Spells              Type           Power      Damage    Failure   Level
a - Magic Dart            Conj           68%        1d6       3%          1

Your spell library contained the following spells:

 Spells                   Type           Power      Damage    Failure   Level
 Searing Ray              Conj           34%        2d5       4%          2
 Dazzling Flash           Conj/Hex       20%        N/A       21%         3
 Fulminant Prism          Conj/Hex       5%         3d7       54%         4
 Iskenderun's Mystic Bla  Conj/Tloc      10%        2d4       54%         4


Dungeon Overview and Level Annotations

Branches:
Dungeon (3/15)

Altars:

Annotations:
D:3 Grinder


Innate Abilities, Weirdness & Mutations

You are very small and have problems with some larger weapons.
You are too small for most types of armour.
You have supernaturally acute eyesight. (SInv)
You cover ground extremely quickly. (Speed+++)


Message History

Grinder gestures at you. Pain shoots through your body!
You see here a +0 hand axe.
Grinder gestures at you. You resist with significant effort.
You hear a zap.
You hear a grinding noise.
There is a stone staircase leading up here.
You climb upwards.
There is a stone staircase leading down here.
HP restored.
Magic restored.
Done exploring.
You climb downwards.
Level annotation: Grinder
There is a stone staircase leading up here.
Casting: Magic Dart (safe; 3% risk of failure)
Confirm with . or Enter, or press ? or * to list all spells.
Aiming: Magic Dart (safe; 3% risk of failure)
Press: ? - help, Shift-Dir - straight line, f - Grinder
Aim: Grinder (moderately wounded, 100% to hit)
The magic dart hits Grinder.
Grinder is heavily wounded.
Grinder blinks!
Casting: Magic Dart (safe; 3% risk of failure)
Confirm with . or Enter, or press ? or * to list all spells.
Aiming: Magic Dart (safe; 3% risk of failure)
Press: ? - help, Shift-Dir - straight line, f/p - Grinder
Aim: Grinder (heavily wounded, 100% to hit)
The magic dart hits Grinder.
Grinder is heavily wounded.
Grinder gestures at you. Pain shoots through your body!
Ouch! That really hurt!
* * * LOW HITPOINT WARNING * * *
Unknown command.
You see here a +0 hand axe.
Grinder says, "There's only one good use for a tongue: cutting it out."
Grinder gestures at you. Pain shoots through your body!
You die...

#...#####..##.##..
#.#........##.##..
#...######.#..##..
#.5## #.#.####.
#..# #.#.# #. #..#
#.#.# #. #..#
#>#.# #( #..#
#)#.# #. ##@.#
.#.# #. ##.#w.#
#.# #. ##.##.##
#.# #.
##.##..###### #.#
#. #./.........#
#.####.
#..#.##.####.#
#.>.... .....
###.# #######
#####. #<# #. ..#


You could see Grinder and a worm.

Vanquished Creatures
  2 adders (D:2)
  A worm (D:3)
  A dart slug (D:3)
  3 bats
  An endoplasm (D:2)
  2 giant cockroaches (D:3)
  3 goblins
  A hobgoblin (D:1)
  2 jackals (D:2)
  6 kobolds
  3 ball pythons
  2 frilled lizards (D:1)
  2 rats
29 creatures vanquished.

Notes
Turn   | Place    | Note
-------+----------+-------------------------------------------
     0 | D:1      | Descartes the Spriggan Conjurer began the quest for the
                  | Orb.
     0 | D:1      | Reached XP level 1. HP: 9/9 MP: 5/5
   466 | D:1      | Reached XP level 2. HP: 13/13 MP: 2/7
  1042 | D:2      | Reached XP level 3. HP: 16/16 MP: 3/8
  1696 | D:3      | Reached skill level 4 in Stealth
  2102 | D:3      | Noticed Grinder
  2221 | D:3      | Killed from afar by Grinder

Illustrated notes

Levels and vault maps discovered:
D:1:      lemuel_arrival_river_ford, layout_rooms, hangedman_decor_opposing,
          glass_columns_a
D:2:      layout_loops_ring
D:3:      layout_loops_ring, dk_vineyard_1, minivault_4, uniq_grinder

Skill      XL: |  1  2  3 |
---------------+----------+-----
Conjurations   | 3 |  3.2
Dodging        | 3 |  3.5
Spellcasting   | 3 |  3.4
Stealth        | 4 |  4.0

Action                   || total
-------------------------++-------
 Cast: Magic Dart        ||    83
Armor: Robe              ||     2
Dodge: Dodged            ||    11
